Map: Dusk Towers

Players

AcerBly (Bly) - Winner!

  • Race: Zerg Zerg
  • League: Grandmaster

LiquidSnute (Snute)

  • Race: Zerg Zerg
  • League: Grandmaster

Event: NationWars III

VOD

Have the link to the VOD?

Description

Time

  • Played on: Dec. 3, 2015, 12:51 p.m.
  • Length: 16:20

All games in this series

Show
View Real Time Build Order
Export as new Build Order

AcerBly Zerg - Winner!

Build Orders: Pool First 

Get SALT Encoding   

  12  0:01  Drone  
  13  0:09  Drone  
  14  0:14  Extractor  
  13  0:28  Spawning Pool  
  12  0:32  Drone  
  13  0:37  Drone  
  14  0:44  Extractor  
  14  0:45  Drone  
  15  0:54  Overlord  
  15  1:15  Queen  
  15  1:16  Zergling x2  
  15  1:17  Zergling x2  
  19  1:23  Metabolic Boost  
  19  1:27  Zergling x2  
  19  1:30  Zergling x2  
  21  1:52  Hatchery  
  20  1:59  Overlord  
  20  2:06  Zergling x4  
  22  2:18  Zergling x2  
  23  2:25  Zergling x4  
  23  2:26  Zergling x4  
  27  2:37  Overlord  
  27  2:49  Queen  
  28  3:02  Zergling x4  
  28  3:04  Drone x4  
  28  3:14  Queen  
  28  3:18  Zergling x2  
  27  3:22  Zergling x2  
  28  3:39  Zergling x4  
  29  3:45  Zergling x4  
  30  3:54  Zergling x6  
  32  4:01  Drone x3  
  32  4:02  Drone  
  34  4:10  Drone  
  34  4:11  Drone x2  
  34  4:15  Drone x2  
  39  4:27  Drone x2  
  39  4:28  Drone x2  
  43  4:33  Baneling Nest  
  43  4:38  Drone x2  
  44  4:49  Overlord  
  44  4:53  Lair, Extractor  
  44  4:54  Extractor  
  44  4:55  Extractor  
  44  4:57  Overlord  
  39  5:07  Drone x6  
  45  5:15  Drone x3  
  48  5:24  Drone x4  
  52  5:32  Baneling x2  
  52  5:42  Hatchery  
  51  5:51  Drone  
  51  5:52  Drone x2, Spire  
  53  6:00  Baneling x2  
  53  6:02  Drone x2  
  53  6:03  Drone x2  
  57  6:05  Drone  
  57  6:08  Overseer  
  57  6:09  Spine Crawler  
  57  6:28  Overlord  
  57  6:29  Overlord  
  57  6:41  Overseer  
  57  6:44  Drone x2  
  57  6:45  Overlord  
  57  6:46  Overlord x2  
  59  6:53  Queen x2  
  63  6:59  Extractor  
  62  7:02  Extractor  
  61  7:08  Mutalisk, Zerg Flyer Armor Level 1  
  61  7:09  Mutalisk x6  
  74  7:22  Drone  
  74  7:23  Drone x6  
  74  7:26  Mutalisk  
  82  7:36  Overlord x4  
  82  7:45  Infestation Pit  
  81  7:53  Overlord  
  81  7:56  Mutalisk  
  81  7:57  Mutalisk x3  
  89  8:00  Drone x2  
  89  8:04  Mutalisk  
  93  8:11  Drone x6  
  99  8:15  Mutalisk  
  101  8:22  Spore Crawler  
  101  8:23  Hive  
  101  8:25  Infestor  
  102  8:33  Overlord x2  
  102  8:40  Drone x3  
  105  8:44  Overlord  
  105  8:45  Spore Crawler  
  105  8:46  Spore Crawler  
  103  9:00  Spine Crawler  
  103  9:01  Mutalisk x2, Spine Crawler  
  105  9:03  Mutalisk  
  105  9:05  Hatchery  
  106  9:12  Zergling x2  
  106  9:13  Zergling x2  
  106  9:15  Drone x4  
  112  9:18  Mutalisk x2  
  116  9:24  Overlord  
  116  9:32  Evolution Chamber  
  116  9:35  Viper x3  
  124  9:53  Mutalisk x4  
  124  9:56  Overlord  
  124  9:58  Zerg Melee Weapons Level 1  
  132  10:03  Extractor  
  132  10:04  Drone  
  132  10:05  Drone x6  
  132  10:06  Spore Crawler, Extractor  
  135  10:18  Zergling x28  
  135  10:20  Ultralisk Cavern  
  148  10:30  Drone  
  148  10:34  Spore Crawler  
  147  10:39  Overlord  
  147  10:41  Adrenal Glands  
  131  11:12  Mutalisk x10  
  131  11:20  Zergling x24  
  131  11:22  Queen x3  
  131  11:24  Drone  
  150  11:26  Viper  
  153  11:36  Viper  
  156  11:45  Overlord x2  
  156  11:48  Chitinous Plating, Zerg Flyer Weapons Level 1  
  156  11:51  Drone x2  
  158  12:07  Hatchery  
  151  12:09  Queen  
  151  12:10  Queen  
  155  12:25  Drone x9, Overlord  
  163  12:35  Zerg Ground Armor Level 1  
  163  12:36  Drone  
  163  12:37  Hatchery, Drone x7  
  166  12:38  Drone  
  169  13:05  Ultralisk x2  
  181  13:06  Overlord x2  
  181  13:10  Hatchery  
  176  13:31  Spore Crawler  
  176  13:32  Ultralisk x4  
  190  13:51  Infestor x4  
  190  13:54  Queen  
  190  13:55  Queen  
  197  13:58  Hatchery  
  196  14:04  Zergling x6  
  199  14:19  Hatchery  
  185  14:53  Ultralisk x2  
  177  15:19  Ultralisk x3  
  173  15:45  Mutalisk x5  
  173  15:46  Mutalisk x5  
  173  15:57  Zergling x24  
  173  15:58  Zergling x10  
Show
View Real Time Build Order
Export as new Build Order

LiquidSnute Zerg 

Build Orders: Hatch First 

Get SALT Encoding   

  12  0:00  Drone  
  13  0:12  Overlord  
  13  0:16  Drone  
  14  0:30  Drone x2  
  14  0:34  Drone  
  17  0:51  Hatchery  
  17  0:54  Drone  
  17  0:57  Drone  
  17  1:00  Extractor  
  17  1:12  Spawning Pool  
  17  1:15  Drone  
  17  1:19  Drone  
  18  1:28  Drone  
  19  1:38  Drone  
  20  1:59  Queen  
  20  2:00  Metabolic Boost  
  22  2:03  Queen  
  22  2:05  Zergling x4  
  26  2:09  Overlord  
  26  2:21  Baneling Nest  
  26  2:22  Zergling x6  
  28  2:31  Zergling x2  
  28  2:33  Zergling x2  
  30  2:42  Zergling x4  
  32  2:48  Zergling x2  
  32  2:49  Queen  
  33  2:57  Queen  
  34  3:01  Zergling x4  
  34  3:04  Baneling x2  
  34  3:05  Baneling  
  36  3:11  Zergling x2  
  28  3:22  Drone  
  28  3:24  Drone  
  30  3:27  Baneling  
  30  3:29  Baneling  
  30  3:33  Drone  
  31  3:40  Drone x2  
  33  3:45  Drone  
  33  3:47  Drone  
  35  3:51  Drone  
  35  3:56  Drone  
  36  4:04  Overlord  
  36  4:10  Lair  
  36  4:11  Extractor  
  36  4:12  Drone  
  36  4:16  Extractor  
  35  4:17  Drone, Extractor  
  35  4:20  Drone  
  35  4:23  Drone  
  37  4:25  Drone  
  37  4:31  Drone x2  
  40  4:38  Drone x2  
  42  4:42  Drone x2  
  44  4:49  Overlord  
  44  4:56  Overlord  
  41  5:08  Drone x2  
  41  5:09  Drone  
  44  5:16  Spire  
  44  5:17  Drone  
  44  5:18  Drone  
  44  5:20  Drone  
  46  5:23  Drone  
  46  5:26  Drone  
  48  5:28  Baneling  
  48  5:29  Baneling  
  48  5:30  Baneling x2  
  48  5:34  Drone  
  48  5:35  Drone  
  50  5:37  Zergling x2  
  51  5:44  Overlord  
  51  5:45  Drone  
  52  6:03  Hatchery  
  51  6:08  Overlord x2  
  51  6:17  Queen  
  53  6:28  Mutalisk x6  
  53  6:31  Mutalisk  
  67  6:36  Mutalisk  
  67  6:38  Mutalisk  
  71  6:41  Mutalisk  
  71  6:44  Mutalisk  
  75  6:52  Overlord  
  75  6:58  Overlord  
  75  7:11  Overlord  
  75  7:12  Drone x9  
  84  7:19  Drone x2  
  85  7:24  Drone x2  
  85  7:28  Evolution Chamber, Drone  
  87  7:30  Roach Warren  
  87  7:33  Drone  
  87  7:34  Drone, Extractor  
  87  7:37  Drone x2  
  89  7:38  Drone, Extractor  
  89  7:41  Overlord  
  89  7:50  Zerg Flyer Armor Level 1  
  88  7:52  Mutalisk  
  88  7:53  Mutalisk x2  
  88  7:57  Drone x3  
  97  8:00  Mutalisk  
  97  8:04  Drone x3  
  97  8:05  Drone  
  103  8:07  Drone x2  
  103  8:09  Drone  
  103  8:10  Drone  
  103  8:12  Drone  
  108  8:17  Drone x2  
  108  8:18  Drone x2  
  112  8:22  Spore Crawler  
  111  8:32  Queen  
  111  8:34  Overlord x2  
  113  8:37  Spore Crawler  
  113  8:38  Queen  
  114  8:46  Spore Crawler  
  113  8:49  Overlord  
  113  8:51  Queen  
  113  8:52  Mutalisk  
  113  8:53  Mutalisk x5  
  127  8:58  Mutalisk  
  128  9:07  Overlord x2  
  128  9:14  Hatchery  
  127  9:21  Overlord x2  
  127  9:28  Mutalisk x7  
  141  9:33  Mutalisk x2  
  141  9:35  Mutalisk  
  147  9:40  Extractor, Zergling x4  
  147  9:41  Mutalisk  
  147  9:42  Mutalisk  
  147  9:44  Extractor  
  151  9:49  Mutalisk  
  151  9:50  Mutalisk  
  155  10:06  Zerg Flyer Armor Level 2  
  155  10:07  Zergling x2  
  155  10:08  Zergling x20  
  166  10:15  Overlord x2  
  166  10:36  Mutalisk  
  166  10:37  Mutalisk x4  
  166  10:40  Overlord  
  176  10:51  Zerg Missile Weapons Level 1  
  153  11:14  Mutalisk  
  153  11:15  Mutalisk x7  
  141  11:22  Zergling x28  
  141  11:23  Zergling x6  
  158  11:29  Mutalisk  
  160  11:33  Zergling x4  
  160  11:34  Queen x2  
  160  11:38  Zergling x4  
  168  11:42  Hatchery  
  168  11:47  Mutalisk x4  
  175  11:56  Infestation Pit  
  175  12:00  Spore Crawler  
  173  12:02  Spore Crawler  
  171  12:19  Queen x3  
  177  12:24  Zerg Flyer Weapons Level 1  
  177  12:26  Drone x2  
  177  12:27  Drone  
  180  12:31  Spore Crawler  
  180  12:33  Spore Crawler  
  180  12:34  Hive, Spore Crawler  
  180  12:36  Spore Crawler, Infestor x2  
  177  12:45  Zerg Melee Weapons Level 1  
  177  12:50  Mutalisk x4  
  177  12:51  Mutalisk x2  
  189  12:59  Spore Crawler  
  189  13:03  Spore Crawler  
  185  13:26  Spore Crawler x3, Zergling x2  
  175  13:27  Zergling x30  
  183  13:52  Ultralisk Cavern  
  177  13:59  Adrenal Glands  
  177  14:02  Drone x3  
  180  14:05  Zergling x2  
  180  14:06  Zergling x16  
  189  14:11  Hatchery  
  180  14:32  Mutalisk x5  
  180  14:33  Mutalisk x2  
  139  14:46  Mutalisk x4  
  139  14:51  Mutalisk x2  
  118  15:14  Mutalisk  
  118  15:20  Mutalisk  
  109  15:42  Mutalisk  
  94  15:43  Mutalisk x6  
Tags
 
Add a new tag
Caveats
  • Supply blocks, unpowered buildings, or Contaminate may cause inaccurate times.
  • Supply counts are checked every 10 seconds.